 Dungeon Crawl Stone Soup version 0.30-a0-354-g6b83867211 (webtiles) character file.

Game seed: 9003580661526553757

40833 mopl the Zephyrmancer (level 13, 0/100 HPs)
             Began as a White Draconian Fire Elementalist on Nov 6, 2022.
             Was a High Priest of Vehumet.
             Succumbed to a sea snake's poison
             ... on level 4 of the Lair of Beasts on Nov 7, 2022.
             The game lasted 00:44:38 (16920 turns).

mopl the Zephyrmancer (DrFE)                       Turns: 16920, Time: 00:44:38

Health: 0/100      AC: 13    Str: 11    XL:     13   Next: 76%
Magic:  6/36       EV: 13    Int: 20    God:    Vehumet [*****.]
Gold:   500        SH:  5    Dex: 12    Spells: 9/33 levels left

rFire   + . .      SeeInvis .    a - staff of air
rCold   . . .      Faith    .    (no shield)
rNeg    . . .      Spirit   .    (body armour unavailable)
rPois   .          Reflect  +    (helmet restricted)
rElec   +          Harm     .    C - +1 cloak
rCorr   .          Rampage  .    H - +0 pair of gloves
Will    .....                    I - +1 pair of boots
Stlth   ++........               N - amulet of reflection
HPRegen 0.36/turn                m - ring of fire
MPRegen 0.25/turn                j - ring of magical power

@: lethally poisoned (0 -> -13), very slightly contaminated
A: breathe frost, AC +8, unfitting armour, cold resistance 1, cold-blooded
a: Breathe Frost, Renounce Religion


You were on level 4 of the Lair of Beasts.
You worshipped Vehumet.
Vehumet was extremely pleased with you.
You visited 3 branches of the dungeon, and saw 17 of its levels.
You also visited: Bailey and Volcano.

You collected 2138 gold pieces.
You spent 1638 gold pieces at shops.

Inventory:

Hand Weapons
 b - a +2 dagger of venom
Missiles
 c - 10 curare-tipped darts
 i - 3 atropa-tipped darts
 k - 34 poisoned darts
 t - 3 boomerangs
 y - 2 throwing nets
Armour
 n - a +0 tower shield
 C - a +1 cloak (worn)
 H - a +0 pair of gloves (worn)
 I - a +1 pair of boots (worn)
Magical Staves
 a - a staff of air (weapon)
Jewellery
 j - a ring of magical power (right hand)
 m - a ring of fire (left hand)
 r - a ring of protection from fire
 E - an amulet of guardian spirit
 N - an amulet of reflection (around neck)
Wands
 g - a wand of mindburst (9)
 o - a wand of charming (6)
 q - a wand of roots (7)
 B - a wand of flame (26)
 P - a wand of quicksilver (11)
Scrolls
 e - 12 scrolls of teleportation
 f - 5 scrolls of magic mapping
 h - 6 scrolls of blinking
 l - 4 scrolls of fear
 v - 3 scrolls of vulnerability
 w - 2 scrolls of silence {!r}
 x - 6 scrolls of immolation
 A - 3 scrolls of amnesia
 D - 4 scrolls of poison
 G - 3 scrolls of fog
 K - a scroll of torment {!r}
 Q - 2 scrolls of identify
Potions
 d - 6 potions of magic
 p - 2 potions of ambrosia
 s - a potion of mutation {!q}
 u - a potion of cancellation
 z - 8 potions of curing
 F - 3 potions of lignification {!q}
 J - 3 potions of invisibility
 L - 4 potions of heal wounds
 M - 3 potions of flight
 O - a potion of might


   Skills:
 + Level 5.3 Fighting
 + Level 7.4 Staves
 + Level 5.0 Dodging
 - Level 1.7 Stealth
 * Level 10.5 Spellcasting
 * Level 11.4 Conjurations
 - Level 2.0 Translocations
 - Level 2.4 Fire Magic
 * Level 12.3 Air Magic
 + Level 9.1 Evocations


You had 9 spell levels left.
You knew the following spells:

 Your Spells              Type           Power      Damage    Failure   Level
a - Lightning Bolt        Conj/Air       36%        1d54      1%          5
b - Scorch                Fire           60%        2d8       1%          2
c - Airstrike             Air            37%        2d(6-22)  1%          4
d - Flame Wave            Conj/Fire      55%        2d13      1%          4
e - Foxfire               Conj/Fire      100%       2x1d9     1%          1
f - Kindle Blastsparks    Fire/Tloc/Air  100%       2d18      1%          3
i - Irradiate             Conj/Tmut      16%        3d17      5%          5

Your spell library contained the following spells:

 Spells                   Type           Power      Damage    Failure   Level
 Fulminant Prism          Conj/Hex       16%        3d11      1%          4
 Magic Dart               Conj           100%       1d8       1%          1
 Sandblast                Erth           20%        2d7       1%          1
 Dazzling Flash           Conj/Hex       66%        N/A       1%          3
 Mephitic Cloud           Conj/Pois/Air  59%        N/A       1%          3
 Stone Arrow              Conj/Erth      66%        3d11      1%          3
 Sticky Flame             Conj/Fire      55%        2d7       1%          4
 Apportation              Tloc           36%        N/A       3%          1
 Inner Flame              Hex/Fire       23%        N/A       3%          3
 Ignite Poison            Fire/Tmut/Pois 20%        N/A       4%          3
 Frozen Ramparts          Ice            20%        1d4       5%          3
 Summon Lightning Spire   Summ/Air       52%        N/A       5%          4
 Beastly Appendage        Tmut           20%        N/A       7%          1
 Call Imp                 Summ           10%        N/A       10%         2
 Passwall                 Tmut/Erth      8%         N/A       10%         2
 Wereblood                Tmut           10%        N/A       10%         2
 Silence                  Hex/Air        26%        N/A       14%         5
 Spider Form              Tmut/Pois      10%        N/A       21%         3
 Cause Fear               Hex            5%         N/A       54%         4
 Ice Form                 Ice/Tmut       10%        N/A       54%         4
 Summon Ice Beast         Ice/Summ       10%        N/A       54%         4
 Maxwell's Capacitive Co  Air            37%        ∞         54%         8
 Agony                    Necr           10%        N/A       88%         5
 Alistair's Intoxication  Tmut/Pois      6%         N/A       88%         5
 Storm Form               Tmut/Air       26%        N/A       99%         7
 Discord                  Hex            5%         N/A       100%        8
 Ignition                 Fire           15%        3d6       100%        8


Dungeon Overview and Level Annotations

Branches:
Dungeon (11/15)            Temple (1/1) D:5            Lair (5/5) D:11
 Shoals (0/4) Lair:2       Spider (0/4) Lair:2        Slime (0/5) Lair:5
 Bailey (visited)         Volcano (visited)
    Orc: D:9-12

Altars:
Ashenzari
Cheibriados
Dithmenos
Elyvilon
Fedhas
Gozag
Hepliaklqana
Kikubaaqudgha
Makhleb
Nemelex Xobeh
Okawaru
Qazlal
Ru
Sif Muna
Trog
Uskayaw
Vehumet
Wu Jian
Xom
Yredelemnul
Zin
The Shining One

Shops:
D:4 [   D:8 *   D:10 (*:?

Portals:
Trove: D:11 (give 7 potions of haste)

Annotations:
D:11 2 transporters, HoaS's ghost, journeyman KoHu
Lair:1 1 runed translucent door, mopl's ghost, journeyman DrFE


Innate Abilities, Weirdness & Mutations

You can breathe waves of freezing cold which knock back foes.
Your icy white scales are hard. (AC +8)
You cannot fit into any form of body armour.
Your flesh is cold resistant. (rC+)
You are cold-blooded and may be slowed by cold attacks.


Message History

The jelly is blasted with magical radiation!!
You kill the jelly!
Vehumet accepts your kill.
You are very lightly contaminated with residual magic.
You feel extremely sick.
Your Dodging skill increases to level 5!
Unknown command.
Unknown command.
The jelly attacks as you move away! The jelly barely misses you.
* * * LOW HITPOINT WARNING * * *
You feel extremely sick.
You see here a sea snake corpse.
* * * LOW HITPOINT WARNING * * *
You feel extremely sick.
A yak comes into view.
You are too injured to fight recklessly!
Casting: Irradiate (dangerous; 5% risk of failure)
Confirm with . or Enter, or press ? or * to list all spells.
You feel a surge of power!
Flames lash the jelly.
The jelly is burned terribly!
You kill the jelly!
Vehumet accepts your kill.
You feel your power returning.
* * * LOW HITPOINT WARNING * * *
You feel extremely sick.
You hear a bellow!
A jelly comes into view.
Okay, then.
Blink to where?
Press: ? - help, Dir - move target A yak comes into view.
As you read the scroll of blinking, it crumbles to dust.
* * * LOW HITPOINT WARNING * * *
You feel very sick.
The yak bellows!
A yak comes into view.
Unknown command.
* * * LOW HITPOINT WARNING * * *
You feel very sick.
You climb upwards.
You die...

..).............................#
........<.......................#
................................#
................................#
###.#.................P.........#
##.....##.........#.PP........#
####...##.....P.##P###.#..####
#....##....###### ##.###
##....#...@# ### ###.......#
##......# #P.....## ###.....##
##........## #..........##
#......#P...####
##.....###P.<.P.#


There were no monsters in sight!

Vanquished Creatures
  A hydra (Lair:2)
  A boulder beetle (Lair:1)
  3 two-headed ogres
  Amaemon (Lair:3)
  A sea snake (Lair:5)
  2 skeletal warriors (Volcano)
  2 orc knights (Bailey)
  2 anaconda skeletons (Volcano)
  2 orc sorcerers (Bailey)
  A manticore (D:11)
  A black mamba (Lair:4)
  An orange demon (Lair:3)
  6 cane toads
  3 gargoyles (Volcano)
  A kobold demonologist (D:11)
  10 komodo dragons
  A rime drake (Lair:5)
  2 trolls (D:11)
  3 polar bears
  17 blink frogs
  13 dream sheep
  Sigmund (D:4)
  2 jumping spiders (Lair:2)
  2 flying skulls (Volcano)
  A shadow (D:11)
  2 wraiths
  25 yaks
  2 wyverns
  2 basilisks
  4 redbacks (Lair:2)
  An acid dragon (D:11)
  11 water moccasins
  11 orc warriors
  A sky beast (D:7)
  2 ice beasts (D:6)
  2 black bears
  An ogre (D:5)
  19 wolves
  10 centaurs
  A phantom (D:6)
  3 kobold brigands
  A necrophage (D:5)
  7 bullfrogs
  4 gnoll sergeants
  3 scorpions
  4 wights (D:9)
  21 killer bees
  A troll skeleton (Volcano)
  A spriggan skeleton (Volcano)
  A howler monkey (D:10)
  8 electric eels
  A lava snake (D:8)
  6 orc priests
  5 hounds
  3 jellies
  2 gnoll boudas
  4 iguanas
  11 orc wizards
  A naga skeleton (Volcano)
  26 gnolls
  8 adders
  2 shadow imps (D:7)
  An ufetubus (D:4)
  2 worms
  2 dart slugs
  52 orcs
  9 ball pythons
  10 endoplasms
  A giant cockroach (D:2)
  13 goblins
  17 hobgoblins
  6 jackals
  3 quokkas
  12 bats
  4 frilled lizards
  21 kobolds
  4 rats
454 creatures vanquished.

Vanquished Creatures (collateral kills)
  A killer bee (D:10)
1 creature vanquished.

Vanquished Creatures (others)
  A killer bee (D:10)
  14 foxfires (D:1)
  29 fungi
  58 plants
102 creatures vanquished.

Grand Total: 557 creatures vanquished

Notes
Turn   | Place    | Note
-------+----------+-------------------------------------------
     0 | D:1      | mopl the Draconian Fire Elementalist began the quest for
                  | the Orb.
     0 | D:1      | Reached XP level 1. HP: 14/14 MP: 3/3
   127 | D:1      | Reached XP level 2. HP: 15/20 MP: 0/5
   130 | D:1      | Learned a level 2 spell: Scorch
   341 | D:2      | Reached skill level 2 in Conjurations
   538 | D:1      | Reached XP level 3. HP: 26/26 MP: 4/7
   617 | D:1      | Learned a level 3 spell: Kindle Blastsparks
   932 | D:2      | Reached skill level 3 in Spellcasting
   982 | D:2      | Reached skill level 1 in Translocations
   982 | D:2      | Reached XP level 4. HP: 33/33 MP: 2/8
  1179 | D:2      | Identified the +5 ring mail "Mankedd" {rElec}
  1595 | D:2      | Reached skill level 3 in Conjurations
  1690 | D:3      | Reached XP level 5. HP: 38/38 MP: 5/10
  1949 | D:3      | Reached skill level 2 in Translocations
  2366 | D:3      | Found a shimmering altar of Xom.
  2366 | D:3      | Found a shimmering blue altar of Sif Muna.
  2366 | D:3      | Found a sacrificial altar of Ru.
  2366 | D:3      | Found a blossoming altar of Fedhas.
  2460 | D:3      | Identified the +6 ring mail of a bailey {Dex+6}
  2713 | D:4      | Noticed Sigmund
  2723 | D:4      | Reached skill level 4 in Spellcasting
  2732 | D:4      | Killed Sigmund
  2733 | D:4      | Reached skill level 4 in Conjurations
  2733 | D:4      | Reached skill level 1 in Evocations
  2733 | D:4      | Reached XP level 6. HP: 32/45 MP: 2/12
  2983 | D:4      | Learned a level 4 spell: Flame Wave
  3104 | D:4      | Reached skill level 2 in Evocations
  3167 | D:4      | Found Gimun's Antique Armour Boutique.
  3332 | D:5      | Entered Level 5 of the Dungeon
  3356 | D:5      | Your scales start taking on an icy white colour.
  3356 | D:5      | Reduced skill Fire Magic to level 2
  3356 | D:5      | Reached XP level 7. HP: 50/50 MP: 4/14
  3356 | D:5      | Gained mutation: Your flesh is cold resistant. (rC+) [White
                  | Draconian growth]
  3515 | D:5      | Found Dudokk's Distillery.
  3696 | D:5      | Reached skill level 1 in Air Magic
  3883 | D:5      | Reached skill level 2 in Air Magic
  4018 | D:5      | Found a staircase to the Ecumenical Temple.
  4039 | Temple   | Entered the Ecumenical Temple
  4039 | Temple   | Found a transporter.
  4039 | Temple   | Found a transporter.
  4046 | Temple   | Reached skill level 5 in Spellcasting
  4046 | Temple   | Reached skill level 5 in Conjurations
  4047 | Temple   | Found a transporter.
  4047 | Temple   | Found a transporter.
  4057 | Temple   | Became a worshipper of Vehumet
  4138 | D:5      | Reached skill level 3 in Evocations
  4293 | D:5      | Reached skill level 3 in Air Magic
  4327 | D:5      | Reached XP level 8. HP: 57/57 MP: 0/15
  4496 | D:5      | Found a glowing golden altar of the Shining One.
  4634 | D:5      | Learned a level 4 spell: Airstrike
  4808 | D:6      | Reached skill level 4 in Air Magic
  4988 | D:6      | Reached skill level 4 in Evocations
  5202 | D:6      | Reached skill level 5 in Air Magic
  5340 | D:6      | Found the +6 lightning scales {swift, rElec}
  5348 | D:6      | Found a snail-covered altar of Cheibriados.
  5471 | D:6      | Reached skill level 6 in Conjurations
  5476 | D:6      | Found an ancient bone altar of Kikubaaqudgha.
  5880 | D:6      | Reached skill level 6 in Spellcasting
  5880 | D:6      | Reached XP level 9. HP: 14/62 MP: 7/18
  6248 | D:7      | Reached skill level 6 in Air Magic
  6518 | D:7      | Reached * piety under Vehumet
  6518 | D:7      | Offered knowledge of Shock by Vehumet.
  6716 | D:7      | Found an ornate altar of the Wu Jian Council.
  6722 | D:7      | Reached skill level 5 in Evocations
  6977 | D:8      | Reached skill level 1 in Staves
  7028 | D:8      | Found a flagged portal.
  7054 | Bailey   | Entered a bailey
  7114 | Bailey   | Offered knowledge of Momentum Strike by Vehumet.
  7240 | Bailey   | Reached ** piety under Vehumet
  7456 | Bailey   | Noticed an orc knight
  7470 | Bailey   | Killed an orc knight
  7471 | Bailey   | Reached skill level 2 in Staves
  7471 | Bailey   | Reached skill level 7 in Conjurations
  7471 | Bailey   | Reached skill level 7 in Air Magic
  7696 | Bailey   | Noticed an orc sorcerer
  7708 | Bailey   | Killed an orc sorcerer
  7709 | Bailey   | Reached XP level 10. HP: 8/69 MP: 11/20
  7997 | Bailey   | Noticed an orc sorcerer
  8006 | Bailey   | Killed an orc sorcerer
  8007 | Bailey   | Reached skill level 3 in Staves
  8007 | Bailey   | Identified the +6 plate armour "Saeweid" {Int+4 Slay+2}
  8011 | Bailey   | Found an iron altar of Okawaru.
  8120 | Bailey   | Noticed an orc knight
  8128 | Bailey   | Acquired 654 gold pieces
  8130 | Bailey   | Acquired 572 gold pieces
  8152 | Bailey   | Killed an orc knight
  8153 | Bailey   | Reached skill level 7 in Spellcasting
  8153 | Bailey   | Reached skill level 8 in Air Magic
  8153 | Bailey   | Reached skill level 6 in Evocations
  8172 | Bailey   | Acquired a ring of magical power
  8395 | D:5      | Bought a potion of experience for 550 gold pieces
  8395 | D:5      | Bought 2 potions of curing for 66 gold pieces
  8395 | D:5      | Bought a potion of curing for 33 gold pieces
  8395 | D:5      | Bought a potion of magic for 88 gold pieces
  8395 | D:5      | Bought a potion of curing for 33 gold pieces
  8395 | D:5      | Bought a potion of invisibility for 88 gold pieces
  8395 | D:5      | Bought a potion of mutation for 88 gold pieces
  8395 | D:5      | Bought a potion of heal wounds for 55 gold pieces
  8395 | D:5      | Reached skill level 5 in Staves
  8395 | D:5      | Reached skill level 8 in Conjurations
  8395 | D:5      | Reached skill level 9 in Air Magic
  8395 | D:5      | Reached skill level 7 in Evocations
  8395 | D:5      | Reached XP level 11. HP: 74/74 MP: 22/22
  8431 | D:4      | Bought a pair of embroidered boots for 225 gold pieces
  8655 | D:8      | Found a burning altar of Makhleb.
  8762 | D:8      | Reached skill level 8 in Spellcasting
  8768 | D:8      | Learned a level 5 spell: Lightning Bolt
  8861 | D:8      | Found Mekuiqid's General Store.
  8881 | D:8      | Bought a scroll of noise for 12 gold pieces
  8881 | D:8      | Bought a scroll of teleportation for 36 gold pieces
  8881 | D:8      | Bought a potion of flight for 36 gold pieces
  8942 | D:8      | Offered knowledge of Poisonous Vapours by Vehumet.
  8943 | D:8      | Reached skill level 10 in Air Magic
  9350 | D:9      | Noticed a two-headed ogre
  9359 | D:9      | Killed a two-headed ogre
  9389 | D:9      | Reached *** piety under Vehumet
  9398 | D:9      | Reached skill level 2 in Dodging
  9609 | D:9      | Found a stormy altar of Qazlal.
  9701 | D:9      | Reached skill level 1 in Fighting
  9709 | D:9      | Reached skill level 9 in Conjurations
  9744 | D:9      | Noticed a two-headed ogre
  9750 | D:9      | Killed a two-headed ogre
  9789 | D:9      | Offered knowledge of Sticky Flame by Vehumet.
 10251 | D:10     | Entered Level 10 of the Dungeon
 10358 | D:10     | Found a bloodstained altar of Trog.
 10368 | D:10     | Reached skill level 2 in Fighting
 10407 | D:10     | Reached **** piety under Vehumet
 10430 | D:10     | Reached XP level 12. HP: 19/85 MP: 0/24
 10838 | D:10     | Offered knowledge of Hailstorm by Vehumet.
 10947 | D:10     | Found Neifiaffes's General Store.
 10949 | D:10     | Found Vikkeovvuoro's Magic Scroll Shoppe.
 10951 | D:10     | Found Receez Wuin's Weapon Shoppe.
 10952 | D:10     | Found Tal Foth's Book Shoppe.
 10955 | D:10     | Bought a potion of might for 64 gold pieces
 10955 | D:10     | Bought a scroll of identify for 32 gold pieces
 10955 | D:10     | Bought a scroll of teleportation for 48 gold pieces
 10955 | D:10     | Bought a scroll of teleportation for 48 gold pieces
 10978 | D:10     | Bought a scroll of fog for 68 gold pieces
 10978 | D:10     | Bought a scroll of immolation for 68 gold pieces
 11113 | D:11     | Found a white marble altar of Elyvilon.
 11243 | D:11     | Noticed HoaS's ghost (journeyman KoHu)
 11245 | D:11     | Found a transporter.
 11329 | D:11     | Noticed a two-headed ogre
 11369 | D:11     | Killed a two-headed ogre
 11370 | D:11     | Reached skill level 3 in Dodging
 11620 | D:11     | Found a transporter.
 11672 | D:11     | Reached skill level 6 in Staves
 11717 | D:11     | Found a staircase to the Lair.
 11720 | D:11     | Reached skill level 8 in Evocations
 11772 | D:11     | Reached skill level 3 in Fighting
 11898 | D:11     | Found a portal to a secret trove of treasure.
 12349 | Lair:1   | Entered Level 1 of the Lair of Beasts
 12387 | Lair:1   | Reached skill level 9 in Spellcasting
 12533 | Lair:1   | Reached skill level 11 in Air Magic
 12538 | Lair:1   | Noticed a boulder beetle
 12558 | Lair:1   | Killed a boulder beetle
 12680 | Lair:1   | Reached skill level 10 in Conjurations
 12870 | Lair:1   | Found a runed translucent door.
 12875 | Lair:1   | Noticed mopl's ghost (journeyman DrFE)
 13285 | Lair:2   | Noticed a four-headed hydra
 13306 | Lair:2   | Killed a four-headed hydra
 13390 | Lair:2   | Found a hole to the Spider Nest.
 13400 | Lair:2   | Reached ***** piety under Vehumet
 13400 | Lair:2   | Offered knowledge of Irradiate by Vehumet.
 13511 | Lair:2   | Reached skill level 4 in Fighting
 13652 | Lair:2   | Upgraded the game from 0.30-a0-347-gf58ed5266c to
                  | 0.30-a0-354-g6b83867211
 13654 | Lair:2   | Reached skill level 4 in Dodging
 13837 | Lair:2   | Reached XP level 13. HP: 75/96 MP: 26/26
 13999 | Lair:2   | Found a staircase to the Shoals.
 14228 | Lair:3   | Learned a level 5 spell: Irradiate
 14382 | Lair:3   | Noticed Amaemon
 14418 | Lair:3   | Killed Amaemon
 15420 | Lair:4   | Reached skill level 7 in Staves
 15420 | Lair:4   | Reached skill level 10 in Spellcasting
 15533 | Lair:4   | Reached skill level 11 in Conjurations
 15533 | Lair:4   | Reached skill level 12 in Air Magic
 16165 | Lair:5   | Entered Level 5 of the Lair of Beasts
 16174 | Lair:5   | Reached skill level 5 in Fighting
 16251 | Lair:5   | Found a dark tunnel.
 16263 | Volcano  | Entered a volcano
 16362 | Volcano  | Offered knowledge of Fulminant Prism by Vehumet.
 16364 | Volcano  | Reached skill level 9 in Evocations
 16915 | Lair:5   | Reached skill level 5 in Dodging
 16919 | Lair:5   | HP: 4/100 [poisoned by a sea snake]
 16920 | Lair:4   | Succumbed to a sea snake's poison

Illustrated notes

Levels and vault maps discovered:
D:1:      ncdulo_smallfort, layout_loops_ring
D:2:      layout_loops_ring, serial_bayou, serial_bayou_lagoon_a,
          serial_bayou_pond_e, serial_bayou_pond_c, serial_bayou_pond_d,
          serial_bayou_pond_d, serial_bayou_shore_b, minmay_misc_feat_tower
D:3:      layout_basic, chequers_temple_overflow_statue_of_worship,
          roderic_batcave, st_stairs_7
D:4:      layout_cave_pools, serial_column_ruins, column_ruins_grid_1,
          column_ruins_grid_1, column_ruins_columns_T, column_ruins_grid_3,
          column_ruins_open_small, column_ruins_corridor_straight, serial_shops,
          nicolae_shop_behind_doors, palyth_stone_intersect,
          kennysheep_cross_room, minmay_fountain_box,
          dreamdust_mushroom_princess, uniq_sigmund
D:5:      layout_cave_pools, nicolae_tso_carved_into_rock,
          minmay_temple_entry_stoned_glass, serial_shops,
          nicolae_shop_hallway_plus
D:6:      layout_basic, kennysheep_little_box, cheibriados_altar_1,
          dk_noncrumbling_4
D:7:      layout_loops_ring, nicolae_wu_jian_immortal_techniques
D:8:      layout_loops_corners, lightli_temple_of_fire, enter_bailey_4,
          serial_shops, nicolae_lakefront_shop
D:9:      layout_irregular_city, mainiacjoe_overflow_six_doors_small
D:10:     layout_loops_ring, trog_ov_bears_minmay, minmay_shop_grid_forest
D:11:     layout_basic, erik_lair_island, nicolae_trove_entry_columns,
          gammafunk_ghost_arena, elyvilon_altar_5
Temple:   hellmonk_temple_divided_pantheon
Lair:1:   layout_roguey, ebering_ghost_inner_flame, beast_lair_carwin_5,
          grunt_megastairs_2, lemuel_fruit_tree
Lair:2:   layout_misc_corridors, minmay_shoals_entry_centaurs,
          nicolae_spider_entry_tight_spaces, serial_rivers,
          chequers_serial_rivers_micro_d, chequers_serial_rivers_micro_c,
          chequers_serial_rivers_marsh, chequers_serial_rivers_micro_b,
          chequers_serial_rivers_small_3, grunt_megastairs_4,
          infiniplex_staircase_pool_2
Lair:3:   layout_cave_pods, uniq_amaemon
Lair:4:   layout_hall_layers, dreamdust_gnoll_shepherd
Lair:5:   gammafunk_lair_ancient_temple, layout_long_grid,
          minmay_slime_entry_jelly_boxes, enter_volcano_1

Skill      XL: |  1  2  3  4  5  6  7  8  9 10 11 12 13 |
---------------+----------------------------------------+-----
Conjurations   | 2 3 4 5 6 7 8 9 10 11 | 11.4
Spellcasting   | 3 4 5 6 7 8 9 10 | 10.5
Translocations | 1 2 |  2.0
Evocations     | 1 2 3 4 5 7 8 9 |  9.1
Fire Magic     | 2 |  2.4
Air Magic      | 3 5 7 9 10 11 12 | 12.3
Staves         | 2 5 6 7 |  7.4
Dodging        | 2 4 5 |  5.0
Fighting       | 2 4 5 |  5.3
Stealth        | |  1.7

Action                   |  1- 3 |  4- 6 |  7- 9 | 10-12 | 13-15 || total
-------------------------+-------+-------+-------+-------+-------++-------
Melee: Unarmed           |    53 |       |       |       |       ||    53
       Tailslap          |    10 |     4 |    12 |    18 |     7 ||    51
       Punch             |     1 |       |     3 |     1 |       ||     5
       Dagger            |    23 |    56 |    63 |       |       ||   142
       Staff             |       |       |    55 |   145 |    96 ||   296
Throw: Dart              |       |       |       |     2 |       ||     2
 Cast: Foxfire           |     8 |       |       |       |       ||     8
       Scorch            |    26 |    68 |   156 |   117 |    28 ||   395
       Kindle Blastspark |       |       |    19 |    44 |     7 ||    70
       Lightning Bolt    |       |       |       |    70 |    23 ||    93
       Airstrike         |       |       |       |     3 |    24 ||    27
       Flame Wave        |       |       |       |     1 |    12 ||    13
       Irradiate         |       |       |       |       |     1 ||     1
 Abil: Breathe Frost     |       |       |    12 |     9 |     1 ||    22
Evoke: Wand              |       |     3 |     5 |     5 |     2 ||    15
  Use: Potion            |       |     5 |     3 |     2 |       ||    10
       Scroll            |       |     3 |     1 |    12 |     3 ||    19
Armor: Skin              |    30 |    66 |    97 |   127 |    55 ||   375
Dodge: Dodged            |    53 |    86 |   207 |   163 |    65 ||   574
Block: Other             |       |       |       |    33 |    43 ||    76
       Reflection        |       |       |       |     3 |       ||     3

Table legend: (Time is in decaauts)
 A = Elapsed time spent in this place.
 B = Non-inter-level travel time spent in this place.
 C = Inter-level travel time spent in this place.
 D = Time resting spent in this place.
 E = Time spent auto-exploring this place.
 F = Levels seen in this place.
 G = Mean time per level.
                   A        B        C        D        E       F      G
               +--------+--------+--------+--------+--------+-----+--------+
         Total |  16993 |  16270 |    723 |   3449 |   9333 |  19 |  894.4 |
       Dungeon |  11099 |  10550 |    549 |   2267 |   6130 |  11 | 1009.0 |
        Temple |     81 |     81 |      0 |     42 |      0 |   1 |   81.0 |
          Lair |   3947 |   3774 |    173 |    241 |   2838 |   5 |  789.4 |
        Bailey |   1249 |   1249 |      0 |    540 |    331 |   1 | 1249.0 |
       Volcano |    615 |    615 |      0 |    359 |     34 |   1 |  615.0 |
               +--------+--------+--------+--------+--------+-----+--------+

Top non-repeatable levels by time:
     D:6: 1488 daAuts
  Bailey: 1249 daAuts
    D:11: 1240 daAuts
     D:4: 1173 daAuts
  Lair:3: 1068 daAuts
     D:2: 1060 daAuts
  Lair:2: 1001 daAuts
     D:8: 948 daAuts
     D:7: 939 daAuts
     D:9: 924 daAuts
  Lair:4: 922 daAuts
     D:3: 911 daAuts
  Lair:1: 875 daAuts
    D:10: 868 daAuts
     D:5: 840 daAuts
